 Dungeon Sprint DCSS version 0.31-a0-596-g831eee08f1 (webtiles) character file.

Game seed: 4157823226079452599

3841 sircluck the Severer (level 10, 0/104 HPs)
             Began as a Hill Orc Fighter on Aug 20, 2023.
             Was an Elder of Beogh.
             Succumbed to a cane toad's poison
             ... in the Dungeon (Sprint IX: "|||||||||||||||||||||||||||||").
             The game lasted 00:03:18 (766 turns).

sircluck the Severer (Hill Orc Fighter)              Turns: 766, Time: 00:03:18

Health: 0/104      AC: 13    Str: 24    XL:     10   Next: 18%
Magic:  10/10      EV: 12    Int: 11    God:    Beogh [****..]
Gold:   16         SH:  7    Dex: 10    Spells: 9/9 levels left

rFire   . . .        n - +7 war axe (freeze)
rCold   . . .        c - +0 buckler
rNeg    . . .        q - +2 ring mail
rPois   .            p - +0 helmet
rElec   .            (no cloak)
rCorr   .            (no gloves)
SInv    .            o - +0 pair of boots
Will    .....        (no amulet) Stlth
                     r - +2 ring of evasion
HPRegen 0.37/turn    s - +3 ring of intelligence
MPRegen 0.12/turn

%: no teleportation
@: lethally poisoned (0 -> -22)
A: no striking features
a: Renounce Religion, Smiting, Recall Orcish Followers


You were in the Dungeon.
You worshipped Beogh.
Beogh was greatly pleased with you.
You visited 1 branch You collected 16 gold pieces.

Inventory:

Hand Weapons
 a - a +0 war axe
 n - a +7 war axe of freezing (weapon)
 w - the +6 bardiche "Hill Orc's Death" {freeze, Will+ Str+2 Int+3}
   (You found it in the Dungeon)

   Str+2:     It affects your strength (+2).
   Int+3:     It affects your intelligence (+3).
   Will+:     It increases your willpower.
Missiles
 k - 5 stones
 t - 3 poisoned darts
Armour
 b - a +0 scale mail
 c - a +0 buckler (worn)
 o - a +0 pair of boots (worn)
 p - a +0 helmet (worn)
 q - a +2 ring mail (worn)
 u - a +0 plate armour
Jewellery
 r - a +2 ring of evasion (left hand)
 s - a +3 ring of intelligence (right hand)
Wands
 m - a wand of quicksilver (9)
Scrolls
 j - 4 scrolls of blinking
 l - 2 scrolls of amnesia
 x - a scroll of vulnerability
 y - a scroll of identify
Potions
 d - 3 potions of might
 e - 5 potions of curing
 f - 7 potions of heal wounds
 g - 2 potions of haste
 h - 4 potions of magic
 i - a potion of invisibility
 v - a potion of mutation


   Skills:
 + Level 14.3 Fighting
 + Level 15.3 Axes
 + Level 13.2 Armour
 + Level 13.2 Shields


You had 9 spell levels left.
You didn't know any spells.
Your spell library was empty.

Dungeon Overview and Level Annotations

Branches:
Dungeon (1/1)

Altars:
Cheibriados
Dithmenos
Elyvilon
Fedhas
Gozag
Hepliaklqana
Kikubaaqudgha
Makhleb
Nemelex Xobeh
Okawaru
Qazlal
Ru
Sif Muna
Trog
Uskayaw
Vehumet
Wu Jian
Xom
Yredelemnul
Zin
The Shining One
Beogh
Jiyva
Lugonu


Message History

A bullfrog comes into view.
The black mamba bites you but does no damage.
You hit the black mamba but do no damage.
The black mamba is moderately wounded.
You feel very sick. You block the black mamba's attack.
You closely miss the black mamba.
The black mamba is moderately wounded.
You feel very sick. You block the black mamba's attack.
You slash the black mamba!
The black mamba seems to slow down.
You freeze the black mamba.
The black mamba is severely wounded.
You feel very sick.
The black mamba bites you but does no damage.
You slice the black mamba!! You freeze the black mamba.
You kill the black mamba!
Beogh accepts your kill.
You feel very sick.
Your Axes skill increases to level 15!
Your Armour skill increases to level 13!
Your Shields skill increases to level 13!
You miss the water moccasin.
You feel very sick. The water moccasin barely misses you.
You slice the water moccasin!!
The water moccasin seems to slow down.
You freeze the water moccasin.
You kill the water moccasin!
Beogh accepts your kill.
You feel sick.
You closely miss the cane toad.
You feel sick. The cane toad stings you!
* * * LOW HITPOINT WARNING * * *
You barely miss the cane toad.
You feel sick.
The bullfrog swells and bulges.
The cane toad stings you!!
* * * LOW HITPOINT WARNING * * *
You are more poisoned.
The cane toad poisons you!
You closely miss the cane toad.
You die...

▓▓▓▓▓▓▓▓▓▓▓▓▓▓▓▓▓▓▓▓▓▓▓▓
...'............@FFFF...
▓▓▓▓▓▓▓▓▓▓▓▓▓▓▓▓▓▓▓▓▓▓▓▓▓▓▓▓▓▓▓▓▓
.................................
▓▓▓▓▓▓▓▓▓▓▓▓▓▓▓▓▓▓▓▓▓▓▓▓▓▓▓▓▓▓▓▓▓
)....)†.....'____________________
▓▓▓▓▓▓▓▓▓▓▓▓▓▓▓▓▓▓▓▓▓▓▓▓▓▓▓▓▓▓▓▓▓


You could see a cane toad and 3 bullfrogs.

Vanquished Creatures
  A centaur warrior (D)
  A deep elf pyromancer (D)
  A manticore (D)
  A black mamba (D)
  2 komodo dragons (D)
  A kobold demonologist (D)
  A troll (D)
  A wraith (D)
  A wyvern (D)
  2 yaks (D)
  A water moccasin (D)
  An orc warrior (D)
  A bullfrog (D)
  A kobold brigand (D)
  A scorpion (D)
  A killer bee (D)
  A hound (D)
  A gnoll bouda (D)
  An orc wizard (D)
  An adder (D)
  A goblin (D)
  2 hobgoblins (D)
  A kobold (D)
  A bat (D)
27 creatures vanquished.

Notes
Turn   | Place    | Note
-------+----------+-------------------------------------------
     0 | D        | sircluck the Hill Orc Fighter began the quest for the Orb.
     0 | D        | Reached XP level 1. HP: 19/19 MP: 1/1
     6 | D        | Reached skill level 3 in Axes
    37 | D        | Noticed a scorpion
    37 | D        | Noticed an orc wizard
    37 | D        | Noticed a hound
    37 | D        | Noticed a gnoll bouda
    43 | D        | Killed a scorpion
    44 | D        | Reached skill level 5 in Fighting
    44 | D        | Reached skill level 5 in Axes
    44 | D        | Reached skill level 5 in Armour
    44 | D        | Reached skill level 5 in Shields
    44 | D        | Reached XP level 2. HP: 30/30 MP: 2/2
    44 | D        | Reached XP level 3. HP: 37/37 MP: 3/3
    44 | D        | Reached XP level 4. HP: 44/44 MP: 4/4
    71 | D        | Reached skill level 6 in Axes
    78 | D        | Reached XP level 5. HP: 34/51 MP: 5/5
    82 | D        | Reached skill level 7 in Axes
   108 | D        | Found a roughly hewn altar of Beogh.
   108 | D        | Found a snail-covered altar of Cheibriados.
   108 | D        | Found a shadowy altar of Dithmenos.
   108 | D        | Found a white marble altar of Elyvilon.
   108 | D        | Found a blossoming altar of Fedhas.
   108 | D        | Found an opulent altar of Gozag.
   109 | D        | Found a hazy altar of Hepliaklqana.
   110 | D        | Found a viscous altar of Jiyva.
   111 | D        | Became a worshipper of Beogh the Brigand
   112 | D        | Found an ancient bone altar of Kikubaaqudgha.
   113 | D        | Found a corrupted altar of Lugonu.
   114 | D        | Found a burning altar of Makhleb.
   115 | D        | Found a sparkling altar of Nemelex Xobeh.
   116 | D        | Found an iron altar of Okawaru.
   117 | D        | Found a stormy altar of Qazlal.
   118 | D        | Found a sacrificial altar of Ru.
   119 | D        | Found a shimmering blue altar of Sif Muna.
   120 | D        | Found a bloodstained altar of Trog.
   121 | D        | Found a hide-covered altar of Uskayaw.
   122 | D        | Found a radiant altar of Vehumet.
   123 | D        | Found an ornate altar of the Wu Jian Council.
   124 | D        | Found a shimmering altar of Xom.
   125 | D        | Found a basalt altar of Yredelemnul.
   126 | D        | Found a glowing silver altar of Zin.
   127 | D        | Found a glowing golden altar of the Shining One.
   192 | D        | Noticed a komodo dragon
   192 | D        | Noticed an orc warrior
   192 | D        | Noticed a komodo dragon
   192 | D        | Noticed a yak
   192 | D        | Noticed a kobold brigand
   197 | D        | Killed a komodo dragon
   198 | D        | Reached skill level 9 in Axes
   198 | D        | Reached XP level 6. HP: 58/63 MP: 6/6
   199 | D        | Reached XP level 7. HP: 65/70 MP: 7/7
   206 | D        | Killed a komodo dragon
   206 | D        | Reached * piety under Beogh
   207 | D        | Reached skill level 10 in Fighting
   207 | D        | Reached skill level 11 in Axes
   209 | D        | Killed a yak
   210 | D        | Reached XP level 8. HP: 28/81 MP: 8/8
   216 | D        | Reached skill level 10 in Armour
   216 | D        | Reached skill level 10 in Shields
   216 | D        | Reached ** piety under Beogh
   431 | D        | Noticed a centaur warrior
   431 | D        | Noticed a deep elf pyromancer
   431 | D        | Noticed a troll
   431 | D        | Noticed a kobold demonologist
   431 | D        | Noticed a manticore
   431 | D        | Noticed a wraith
   435 | D        | Killed a centaur warrior
   436 | D        | Reached skill level 12 in Axes
   443 | D        | Killed a deep elf pyromancer
   444 | D        | Reached skill level 13 in Axes
   444 | D        | Reached XP level 9. HP: 78/92 MP: 9/9
   448 | D        | Noticed an ice devil
   458 | D        | Killed a manticore
   459 | D        | Reached skill level 14 in Axes
   462 | D        | Killed a troll
   462 | D        | Reached *** piety under Beogh
   476 | D        | Killed a kobold demonologist
   727 | D        | Got the +6 bardiche "Hill Orc's Death" {freeze, Will+ Str+2
                  | Int+3}
   744 | D        | Noticed a black mamba
   749 | D        | Noticed a cane toad
   753 | D        | Reached **** piety under Beogh
   754 | D        | Reached XP level 10. HP: 84/103 MP: 10/10
   761 | D        | Killed a black mamba
   762 | D        | Reached skill level 15 in Axes
   765 | D        | HP: 4/104 [cane toad (18)]
   766 | D        | Succumbed to a cane toad's poison

Illustrated notes

Levels and vault maps discovered:
D:        linesprint [early_d, line_temple, items_1, d_10, items_2, lair_1,
          lair_end, items_3, orc_1, orc_end, items_4, d_15, swamp_1, shoals_1,
          snake_1, spider_1, d_20, vaults_1, items_5, swamp_end, shoals_end,
          snake_end, spider_end, vaults_end, d_27, items_6, zot_1, zot_end,
          crypt_end, forest_end, elf_end, slime_end, tomb_end, abyss_end,
          pan_hell_end]

Skill      XL: |  1  2  3  4  5  6  7  8  9 10 |
---------------+-------------------------------+-----
Axes           | 5 6 9 11 13 14 15 | 15.3
Fighting       | 5 6 9 10 12 14 | 14.3
Armour         | 5 6 8 9 11 12 13 | 13.2
Shields        | 5 6 8 9 11 12 13 | 13.2

Action                     |  1- 3 |  4- 6 |  7- 9 | 10-12 || total
---------------------------+-------+-------+-------+-------++-------
  Melee: War axe           |    17 |    33 |    71 |    13 ||   134
  Evoke: Wand              |       |       |     1 |       ||     1
    Use: Potion            |     1 |       |       |       ||     1
         Scroll            |       |       |     4 |       ||     4
 Armour: Scale mail        |     8 |    18 |       |       ||    26
         Ring mail         |       |     2 |    24 |     3 ||    29
  Dodge: Dodged            |     3 |    11 |    34 |     1 ||    49
  Block: Buckler           |     4 |     8 |    21 |     2 ||    35

Table legend: (Time is in decaauts)
 A = Elapsed time spent in this place.
 B = Non-inter-level travel time spent in this place.
 C = Inter-level travel time spent in this place.
 D = Time resting spent in this place.
 E = Time spent auto-exploring this place.
 F = Levels seen in this place.
 G = Mean time per level.
                   A        B        C        D        E       F      G
               +--------+--------+--------+--------+--------+-----+--------+
         Total |    770 |    770 |      0 |    386 |     87 |   1 |  770.0 |
       Dungeon |    770 |    770 |      0 |    386 |     87 |   1 |  770.0 |
               +--------+--------+--------+--------+--------+-----+--------+

Top non-repeatable levels by time:
       D: 770 daAuts
